[ AOE2 MATCH · #504924392 ]
UnrankedFranks vs Burmese
Player's team · LOSS
Rival team · WIN
[ REPLAY ANALYSIS · EXTRACTED FROM THE RECORDED GAME ]
Feudal
9:20
Castle
23:04
Imperial
37:51
| APM avg | 50.2 |
| APM peak | 104 |
| eAPM avg | 29.1 |
| Villagers / military | 155 / 295 |
Focus
⚔️ 34.5% · 🌾 65.5%
Skirmisher ×108 · Knight ×90 · Cavalry Archer ×35 · Throwing Axeman ×13 · Battering Ram ×11 · Spearman ×9
Feudal
9:22
Castle
23:43
Imperial
38:44
| APM avg | 26.6 |
| APM peak | 52 |
| eAPM avg | 16.5 |
| Villagers / military | 120 / 234 |
Focus
⚔️ 44.5% · 🌾 55.5%
Spearman ×93 · Militia ×73 · Arambai ×32 · Battering Ram ×22 · Trebuchet (Packed) ×7 · Monk ×3
Match map
Initial resources + every placement click. Lines = walls · curves = elevation contours. ◆ gold · ⬟ stone · ● berries · ✦ relic · ◌ wall gap
Your base· Open — unwalled flank
迷途小羔羊's base· Open — unwalled flank
Smoothed initial terrain · ◌ = detected wall gap · hover for details
Inputs per minute
— HK | Foko_89 - - 迷途小羔羊
Build order — HK | Foko_89
First 150 of 504 actions detected
| 0:00 | Queue | Villager (Male) |
| 0:01 | Queue | Villager (Male) |
| 0:01 | Queue | Villager (Male) |
| 0:02 | Build | House |
| 0:04 | Build | House |
| 0:59 | Queue | Villager (Male) |
| 1:00 | Queue | Villager (Male) |
| 1:38 | Queue | Villager (Male) |
| 1:39 | Queue | Villager (Male) |
| 1:59 | Build | Lumber Camp |
| 2:15 | Queue | Villager (Male) |
| 2:16 | Queue | Villager (Male) |
| 2:34 | Queue | Villager (Male) |
| 3:07 | Queue | Villager (Male) |
| 3:08 | Queue | Villager (Male) |
| 3:10 | Build | House |
| 3:14 | Build | House |
| 3:22 | Queue | Villager (Male) |
| 3:54 | Queue | Villager (Male) |
| 3:54 | Queue | Villager (Male) |
| 4:22 | Build | Mill |
| 4:32 | Queue | Villager (Male) |
| 4:32 | Queue | Villager (Male) |
| 4:32 | Queue | Villager (Male) |
| 5:23 | Queue | Villager (Male) |
| 5:23 | Queue | Villager (Male) |
| 5:24 | Queue | Villager (Male) |
| 5:24 | Queue | Villager (Male) |
| 5:54 | Queue | Villager (Male) |
| 5:55 | Queue | Villager (Male) |
| 5:55 | Research | Loom |
| 7:10 | Research | Feudal Age |
| 7:11 | Research | Feudal Age |
| 7:16 | Build | House |
| 7:19 | Build | Palisade Wall |
| 7:35 | Build | Barracks |
| 8:21 | Build | House |
| 8:48 | Build | Palisade Wall |
| 9:20 | Age | Feudal Age |
| 9:22 | Build | Archery Range |
| 9:23 | Research | Double-Bit Axe |
| 9:24 | Research | Double-Bit Axe |
| 9:31 | Queue | Villager (Male) |
| 9:34 | Queue | Villager (Male) |
| 9:43 | Queue | Spearman |
| 10:06 | Queue | Villager (Male) |
| 10:19 | Build | Blacksmith |
| 10:20 | Queue | Skirmisher |
| 10:46 | Build | Palisade Gate |
| 10:51 | Queue | Skirmisher |
| 11:01 | Queue | Villager (Male) |
| 11:10 | Build | Farm |
| 11:11 | Build | Farm |
| 11:14 | Research | Fletching |
| 11:14 | Research | Fletching |
| 11:17 | Queue | Skirmisher |
| 11:25 | Queue | Villager (Male) |
| 11:43 | Build | Farm |
| 11:53 | Queue | Skirmisher |
| 12:02 | Queue | Skirmisher |
| 12:15 | Queue | Skirmisher |
| 12:23 | Build | Watch Tower |
| 13:21 | Queue | Villager (Male) |
| 13:21 | Queue | Villager (Male) |
| 13:54 | Queue | Villager (Male) |
| 13:57 | Build | Farm |
| 13:59 | Build | Farm |
| 14:08 | Build | Palisade Wall |
| 14:15 | Queue | Villager (Male) |
| 14:17 | Build | Farm |
| 14:29 | Queue | Villager (Male) |
| 14:33 | Build | Farm |
| 14:45 | Build | Farm |
| 14:51 | Build | Farm |
| 15:07 | Build | Farm |
| 15:12 | Queue | Villager (Male) |
| 15:23 | Research | Town Watch |
| 15:30 | Build | House |
| 15:34 | Build | House |
| 16:01 | Build | Farm |
| 16:02 | Build | Farm |
| 16:05 | Build | Farm |
| 16:08 | Queue | Villager (Male) |
| 16:21 | Build | Mining Camp |
| 16:26 | Queue | Villager (Male) |
| 16:30 | Build | Farm |
| 16:44 | Queue | Villager (Male) |
| 16:52 | Build | Farm |
| 17:32 | Build | Palisade Wall |
| 17:33 | Build | Palisade Wall |
| 17:34 | Build | Palisade Wall |
| 17:34 | Build | Palisade Wall |
| 17:38 | Queue | Villager (Male) |
| 17:43 | Build | Farm |
| 18:12 | Queue | Villager (Male) |
| 18:19 | Build | Lumber Camp |
| 18:23 | Build | Farm |
| 18:27 | Build | Farm |
| 18:36 | Queue | Villager (Male) |
| 18:38 | Queue | Villager (Male) |
| 18:53 | Build | Mining Camp |
| 19:17 | Queue | Villager (Male) |
| 19:37 | Queue | Villager (Male) |
| 19:55 | Build | Market |
| 19:57 | Build | House |
| 20:03 | Queue | Spearman |
| 20:03 | Queue | Spearman |
| 20:19 | Research | Castle Age |
| 20:19 | Research | Castle Age |
| 20:20 | Queue | Spearman |
| 20:20 | Queue | Spearman |
| 20:23 | Queue | Spearman |
| 20:23 | Queue | Spearman |
| 20:30 | Build | Stable |
| 20:36 | Queue | Spearman |
| 20:59 | Build | House |
| 21:02 | Build | House |
| 21:15 | Research | Scale Barding Armor |
| 21:40 | Build | Stable |
| 21:44 | Research | Forging |
| 21:44 | Research | Forging |
| 21:48 | Queue | Spearman |
| 21:58 | Build | Farm |
| 22:24 | Research | Wheelbarrow |
| 23:04 | Age | Castle Age |
| 23:05 | Queue | Knight ×4 |
| 23:05 | Queue | Knight ×4 |
| 23:09 | Build | Town Center |
| 23:32 | Research | Husbandry |
| 23:32 | Research | Husbandry |
| 23:53 | Research | Bow Saw |
| 24:14 | Queue | Knight ×2 |
| 24:15 | Queue | Knight ×2 |
| 24:23 | Queue | Villager (Male) |
| 24:29 | Queue | Villager (Male) |
| 24:33 | Build | Monastery |
| 24:49 | Queue | Villager (Male) |
| 25:11 | Queue | Monk |
| 25:15 | Queue | Villager (Male) |
| 25:16 | Queue | Villager (Male) |
| 25:30 | Queue | Villager (Male) |
| 25:31 | Queue | Villager (Male) |
| 25:31 | Queue | Villager (Male) |
| 25:38 | Queue | Knight |
| 25:38 | Queue | Knight |
| 25:43 | Queue | Villager (Male) |
| 25:44 | Queue | Villager (Male) |
| 26:00 | Queue | Knight |
| 26:01 | Queue | Knight |
| 26:14 | Build | House |
Build order — 迷途小羔羊
First 150 of 516 actions detected
| 0:02 | Queue | Villager (Male) |
| 0:02 | Queue | Villager (Male) |
| 0:03 | Queue | Villager (Male) |
| 0:05 | Build | House |
| 0:07 | Build | House |
| 0:12 | Queue | Villager (Male) |
| 0:13 | Queue | Villager (Male) |
| 1:27 | Queue | Villager (Male) |
| 1:27 | Queue | Villager (Male) |
| 2:04 | Queue | Villager (Male) |
| 2:04 | Queue | Villager (Male) |
| 2:20 | Queue | Villager (Male) |
| 2:20 | Queue | Villager (Male) |
| 2:31 | Build | Lumber Camp |
| 2:54 | Queue | Villager (Male) |
| 2:55 | Queue | Villager (Male) |
| 2:55 | Queue | Villager (Male) |
| 3:03 | Build | House |
| 3:41 | Queue | Villager (Male) |
| 3:49 | Queue | Villager (Male) |
| 3:49 | Queue | Villager (Male) |
| 4:08 | Queue | Villager (Male) |
| 4:43 | Build | Mill |
| 4:52 | Queue | Villager (Male) |
| 5:20 | Queue | Villager (Male) |
| 5:42 | Queue | Villager (Male) |
| 6:03 | Queue | Villager (Male) |
| 6:24 | Research | Loom |
| 7:12 | Research | Feudal Age |
| 7:34 | Build | Barracks |
| 7:56 | Build | House |
| 8:14 | Queue | Militia |
| 8:15 | Queue | Militia |
| 8:15 | Queue | Militia |
| 8:15 | Queue | Militia |
| 8:41 | Build | Mining Camp |
| 8:46 | Queue | Militia |
| 8:46 | Queue | Militia |
| 9:21 | Build | House |
| 9:22 | Age | Feudal Age |
| 9:25 | Queue | Villager (Male) |
| 9:33 | Research | Man-at-Arms (upgrade) |
| 9:57 | Build | Watch Tower |
| 10:06 | Queue | Villager (Male) |
| 10:08 | Queue | Spearman |
| 10:14 | Queue | Villager (Male) |
| 10:17 | Build | Farm |
| 10:26 | Queue | Villager (Male) |
| 10:34 | Build | Mining Camp |
| 10:54 | Build | House |
| 10:58 | Queue | Spearman |
| 11:07 | Build | Farm |
| 11:11 | Queue | Spearman |
| 11:17 | Build | House |
| 11:49 | Queue | Villager (Male) |
| 11:51 | Build | Farm |
| 11:53 | Build | Farm |
| 12:15 | Build | Watch Tower |
| 12:22 | Queue | Villager (Male) |
| 12:40 | Queue | Villager (Male) |
| 12:42 | Build | Farm |
| 13:12 | Queue | Villager (Male) |
| 13:14 | Build | Farm |
| 13:35 | Build | Farm |
| 13:36 | Build | Farm |
| 13:39 | Queue | Villager (Male) |
| 13:40 | Queue | Villager (Male) |
| 14:07 | Queue | Villager (Male) |
| 14:18 | Build | Watch Tower |
| 14:23 | Queue | Villager (Male) |
| 14:34 | Build | House |
| 14:42 | Queue | Villager (Male) |
| 14:57 | Queue | Villager (Male) |
| 15:04 | Build | Watch Tower |
| 15:19 | Queue | Villager (Male) |
| 15:44 | Build | Outpost |
| 15:53 | Build | Farm |
| 15:59 | Queue | Villager (Male) |
| 16:26 | Research | Town Watch |
| 16:42 | Build | Mill |
| 16:56 | Build | Watch Tower |
| 17:07 | Research | Horse Collar |
| 17:07 | Research | Horse Collar |
| 17:45 | Queue | Villager (Male) |
| 17:53 | Build | Blacksmith |
| 18:07 | Queue | Villager (Male) |
| 18:15 | Queue | Villager (Male) |
| 18:39 | Build | Stable |
| 18:43 | Build | House |
| 18:47 | Queue | Villager (Male) |
| 18:56 | Build | House |
| 18:59 | Build | House |
| 19:15 | Queue | Villager (Male) |
| 19:34 | Queue | Scout Cavalry |
| 19:46 | Queue | Villager (Male) |
| 20:01 | Build | Market |
| 20:04 | Queue | Villager (Male) |
| 20:49 | Build | Farm |
| 21:03 | Research | Castle Age |
| 21:13 | Build | Lumber Camp |
| 21:25 | Build | Farm |
| 21:33 | Queue | Scout Cavalry |
| 21:42 | Research | Padded Archer Armor |
| 21:42 | Research | Padded Archer Armor |
| 22:00 | Research | Bloodlines |
| 22:20 | Queue | Scout Cavalry |
| 23:10 | Queue | Spearman |
| 23:11 | Queue | Spearman |
| 23:43 | Age | Castle Age |
| 23:49 | Build | Castle |
| 23:52 | Queue | Villager (Male) |
| 23:56 | Queue | Knight |
| 24:04 | Queue | Villager (Male) |
| 24:09 | Queue | Villager (Male) |
| 24:15 | Build | Town Center |
| 24:45 | Queue | Villager (Male) |
| 24:49 | Build | Farm |
| 24:50 | Queue | Arambai |
| 24:51 | Queue | Arambai |
| 24:57 | Queue | Arambai |
| 25:11 | Queue | Villager (Male) |
| 25:16 | Queue | Arambai |
| 25:16 | Queue | Arambai |
| 25:31 | Build | Farm |
| 25:59 | Queue | Villager (Male) |
| 26:02 | Research | Wheelbarrow |
| 26:09 | Queue | Villager (Male) |
| 26:12 | Queue | Arambai |
| 26:12 | Queue | Arambai |
| 26:20 | Queue | Villager (Male) |
| 26:21 | Queue | Villager (Male) |
| 26:21 | Queue | Villager (Male) |
| 26:39 | Queue | Arambai |
| 26:50 | Build | Lumber Camp |
| 26:55 | Queue | Villager (Male) |
| 27:01 | Queue | Arambai |
| 27:16 | Queue | Villager (Male) |
| 27:24 | Build | Monastery |
| 27:35 | Queue | Arambai |
| 27:45 | Build | Town Center |
| 28:02 | Queue | Arambai |
| 28:08 | Queue | Villager (Male) |
| 28:11 | Research | Husbandry |
| 28:23 | Queue | Monk |
| 28:23 | Queue | Monk |
| 28:30 | Build | House |
| 28:31 | Build | House |
| 28:32 | Build | House |
| 28:39 | Queue | Arambai |
| 28:48 | Build | Town Center |
Match timeline
| 7:19 | HK | Foko_89 · wall_segment Palisade Wall x7 |
| 7:34 | 迷途小羔羊 · first_building Barracks |
| 7:35 | HK | Foko_89 · first_building Barracks |
| 8:48 | HK | Foko_89 · wall_segment Palisade Wall x15 |
| 9:20 | HK | Foko_89 · age_up feudal |
| 9:22 | HK | Foko_89 · first_building Archery Range |
| 9:22 | 迷途小羔羊 · age_up feudal |
| 14:08 | HK | Foko_89 · wall_segment Palisade Wall x1 |
| 17:32 | HK | Foko_89 · wall_segment Palisade Wall x1 |
| 17:33 | HK | Foko_89 · wall_segment Palisade Wall x1 |
| 17:34 | HK | Foko_89 · wall_segment Palisade Wall x1 |
| 17:34 | HK | Foko_89 · wall_segment Palisade Wall x1 |
| 18:39 | 迷途小羔羊 · first_building Stable |
| 20:30 | HK | Foko_89 · first_building Stable |
| 21:01 | 迷途小羔羊 · first_market_buy 100 food |
| 23:04 | HK | Foko_89 · age_up castle |
| 23:43 | 迷途小羔羊 · age_up castle |
| 23:49 | 迷途小羔羊 · first_building Castle |
| 24:33 | HK | Foko_89 · first_building Monastery |
| 27:24 | 迷途小羔羊 · first_building Monastery |
| 30:17 | HK | Foko_89 · first_market_buy 500 stone |
| 32:41 | HK | Foko_89 · first_building Castle |
| 35:12 | 迷途小羔羊 · first_building Siege Workshop |
| 35:27 | HK | Foko_89 · first_building Siege Workshop |
| 36:11 | HK | Foko_89 · first_market_sell 100 food |
| 37:51 | HK | Foko_89 · age_up imperial |
| 38:44 | 迷途小羔羊 · age_up imperial |
| 52:59 | HK | Foko_89 · resign |
[ AI ANALYSIS · 1 CREDIT ]
What really happened in this match?
Wolo.gg analyzes every decision: build order, eco, micro, common mistakes by bracket. Personalized analysis on WhatsApp or Discord in 30 seconds.
Civ guide
Franks
Perfil
HK | Foko_89